AoeStats
← Pollo

Enclosed

504143737Analyzed
1v1 RM · 1mo ago on Sep 4, 2026· 31m 33s· 2 players
Game mode
Random Map
Map size
Tiny (2 player)
Population
200
Speed
Normal
Resources
Standard
Victory
Conquest
Starting age
Dark Age
Ending age
Imperial Age
RankedLock teamsTeams togetherTeam positionsShared explorationLock speedFull tech treeHidden civsTurbo modeCheats
Victory
Defeat
🇨🇱 Inca · Chile
991
+17
🇺🇸 Persians · United States
1023
-17
Pollo
8:58 Loom
11:13 Feudal Age
12:46 Champi Runner
13:16 Horse Collar
18:02 Double-Bit Axe
21:24 Castle Age
20:26 Scale Mail Armor
20:39 Forging
21:27 Pikeman
21:28 Champi Warrior
22:33 Squires
24:04 Bow Saw
26:57 Heavy Plow
26:47 Gold Mining
26:57 Gold Mining
27:46 Arson
29:40 Chain Mail Armor
30:00 Iron Casting
32:43 Wheelbarrow
juantortillas
4:56 Loom
9:36 Feudal Age
13:12 Forging
13:05 Town Watch
21:06 Castle Age
19:59 Bloodlines
20:03 Double-Bit Axe
21:10 Scale Barding Armor
23:02 Iron Casting
25:18 Husbandry
28:07 Wheelbarrow
Connection lost

Rejoining the realm…

Still unreachable

The connection could not be restored.

Session expired

The server has moved on; the page needs a fresh start.